 Dungeon Crawl Stone Soup version 0.19.3 (webtiles) character file.

618603 Alarkh the Executioner (level 26, -18/246 (258) HPs)
             Began as a Demonspawn Monk on Jan 21, 2017.
             Was the Champion of Makhleb.
             Killed from afar by Boris (40 damage)
             ... with an iron shot
             ... on level 3 of the Crypt on Jan 22, 2017.
             The game lasted 03:37:43 (77900 turns).

Alarkh the Executioner (Demonspawn Monk)           Turns: 77900, Time: 03:37:44

HP:   -18/246 (258) AC: 31    Str: 15    XL:     26   Next: 45%
MP:   33/33         EV: 21    Int: 32    God:    Makhleb [******]
Gold: 3657          SH:  0    Dex: 17    Spells: 2 memorised, 29 levels left

rFire  . . .     SeeInvis +     a - +9 executioner's axe (chop)
rCold  + . .     Gourm    .     d - +1 ice dragon scales
rNeg   + + .     Faith    .     (shield currently unavailable)
rPois  +         Spirit   .     (helmet unavailable)
rElec  .         Reflect  .     H - +2 cloak {rPois}
rCorr  +         Harm     .     L - +2 pair of gloves
MR     +....                    Q - +1 pair of boots
Stlth  ++++++....               j - amulet of the Lich-sworn {rPois rC- rN++ Regen+ Str+3}
                                h - ring "Cetek" {Int+5 SInv}
                                n - ring of Saisac {rF+ Int+5 Slay+3}

@: lethally poisoned (-18 -> -59), non-regenerating, badly diseased, slowed,
very slow
A: horns 3, yellow scales 3, nightstalker 3, robust 2, spiny 3
a: Minor Destruction, Lesser Servant of Makhleb, Major Destruction, Greater
Servant of Makhleb, Renounce Religion
}: 4/15 runes: barnacled, slimy, abyssal, gossamer


You were on level 3 of the Crypt.
You worshipped Makhleb.
Makhleb was exalted by your worship.
You were near starving.

You visited 11 branches of the dungeon, and saw 52 of its levels.
You visited the Abyss 2 times.
You also visited: Labyrinth, Trove, Sewer and Desolation.

You collected 6447 gold pieces.
You spent 2790 gold pieces at shops.

Inventory:

Hand Weapons
 a - a +9 executioner's axe of chopping (weapon)
 b - a +3 battleaxe of flaming
 w - a +0 sacred scourge of holy wrath
Armour
 d - +1 ice dragon scales (worn)
 H - a +2 cloak of poison resistance (worn)
 L - a +2 pair of gloves (worn)
 Q - a +1 pair of boots (worn)
Rods
 x - a +5 rod of inaccuracy (12/12)
   (You took it off a minotaur in a labyrinth)
Jewellery
 h - the ring "Cetek" (right hand) {Int+5 SInv}
   (You bought it in a shop on level 1 of the Elven Halls)

   [ring of see invisible]

   It affects your intelligence (+5).
   It lets you see invisible.
 j - the amulet of the Lich-sworn (around neck) {rPois rC- rN++ Regen+ Str+3}
   (You found it in a treasure trove)

   [amulet of regeneration]

   It affects your strength (+3).
   It makes you vulnerable to cold.
   It protects you from poison.
   It greatly protects you from negative energy.
   It increases your rate of regeneration.
 k - the amulet of Vitality {Regen+ HP+15}
   (You found it in a treasure trove)

   [amulet of regeneration]

   It affects your health (+15).
   It increases your rate of regeneration.
 n - the ring of Saisac (left hand) {rF+ Int+5 Slay+3}
   (You found it in a treasure trove)

   [ring of protection from fire]

   It affects your intelligence (+5).
   It affects your accuracy and damage with ranged weapons and melee attacks
   (+3).
   It protects you from fire.
 q - the amulet of the Air {Inacc +Fly rElec EV+5 RMsl}
   (You bought it in a shop on level 2 of the Elven Halls)

   [amulet of inaccuracy]

   It reduces the accuracy of all your attacks.
   It affects your evasion (+5).
   It insulates you from electricity.
   It lets you fly.
   It protects you from missiles.
Wands
 f - a wand of heal wounds (2/9)
 i - a wand of disintegration (16/24)
 o - a wand of acid (11/15)
 A - a wand of hasting (6/9)
 C - a wand of digging (8/24)
 F - a wand of teleportation (6/9)
 G - a wand of disintegration (13/24)
Scrolls
 e - 7 scrolls of identify
 l - 7 scrolls of teleportation
 r - 13 scrolls of recharging
 t - 20 scrolls of remove curse
 y - 10 scrolls of fog
 B - 3 scrolls of silence
 E - 2 scrolls of amnesia
 I - 5 scrolls of fear
 J - 6 scrolls of blinking
 O - 8 scrolls of magic mapping
Potions
 g - a potion of cure mutation
 m - a potion of flight
 u - 2 potions of brilliance
 v - 23 potions of curing
 z - 4 potions of heal wounds
 K - 3 potions of invisibility
 N - a potion of agility
 P - 5 potions of haste
 R - a potion of magic
 S - a potion of might
Books
 p - a book of Frost

   Spells                             Type                      Level
   a - Freeze                         Ice                          1
   b - Throw Frost                    Conjuration/Ice              2
   c - Ozocubu's Armour               Charms/Ice                   3
   d - Throw Icicle                   Conjuration/Ice              4
   e - Summon Ice Beast               Ice/Summoning                4
Comestibles
 c - 19 bread rations
 s - a meat ration


   Skills:
 - Level 19.0 Fighting
 + Level 25.1 Axes
 - Level 17.5 Armour
 - Level 19.4 Dodging
 - Level 11.0 Stealth
 + Level 7.1 Spellcasting
 + Level 4.2 Charms
 + Level 9.1 Necromancy
 + Level 7.4 Transmutations
 - Level 10.0 Evocations


You had 29 spell levels left.
You knew the following spells:

 Your Spells              Type           Power        Failure   Level  Hunger
d - Repel Missiles        Chrm/Air       ####..       10%         2    None
e - Necromutation         Tmut/Necr      ######....   100%        8    #######


Dungeon Overview and Level Annotations

Branches:
Dungeon (15/15)            Temple (1/1) D:7            Lair (6/6) D:9
 Shoals (4/4) Lair:4       Spider (4/4) Lair:2        Slime (5/5) Lair:5
    Orc (2/2) D:12            Elf (3/3) Orc:2        Vaults (4/5) D:14
  Crypt (3/3) Vaults:3     Depths (5/5) D:15            Zot (0/5) Depths:5
   Tomb: Crypt:3

Altars:
Ashenzari
Cheibriados
Dithmenos
Elyvilon
Fedhas
Gozag
Hepliaklqana
Kikubaaqudgha
Makhleb
Nemelex Xobeh
Okawaru
Qazlal
Ru
Sif Muna
Trog
Uskayaw
Vehumet
Xom
Yredelemnul
Zin
The Shining One
Beogh
Jiyva

Shops:
D:5 [   D:6 %   D:14 (   Orc:2 *[:*   Elf:1 !}(=(=%   Elf:2 }==   Elf:3 *
Shoals:4 %   Vaults:1 :   Vaults:2 }   Vaults:3 %

Portals:
Hell: Depths:1 Depths:2 Depths:3 Depths:4 Depths:5
Abyss: Depths:1 Depths:2 Depths:4 Depths:5
Pandemonium: Depths:1
Ziggurat: Depths:5

Annotations:
Crypt:3 Boris


Innate Abilities, Weirdness & Mutations

You have a pair of large horns on your head.
You are completely covered in yellow scales. (AC +4, rCorr)
You are completely attuned to the shadows.
You are very robust. (+20% HP)
You are completely covered in sharp spines.


Message History

You feel as though you will be slow longer.
* * * LOW HITPOINT WARNING * * *
x2 You feel very sick.
Boris is struck by your spines. Boris closely misses you.
Boris touches you but does no damage. The ushabti hits you!
* * * LOW HITPOINT WARNING * * *
* * * LOW HITPOINT WARNING * * *
You feel very sick. Boris is struck by your spines. Boris closely misses you.
Boris touches you but does no damage.
The ushabti shakes and rattles.
The vile air hits you!
* * * LOW HITPOINT WARNING * * *
The ushabti shakes and rattles.
The vile air hits you!
* * * LOW HITPOINT WARNING * * *
You feel very sick.
Boris points at you and mumbles some strange words.
The iron shot hits you!
You die...

#### #.......### #.(:
...8...8.... #...
............. #...
.8..8...8..8. ##''
.....M)...... #...
.8..88L88..8. #...
....@§§...... #...
++#### .8..8§.§8..8.
#... .....##
.....§..§.... ##..
...8..# #'#'#...#'#'
#'' ......#
#.#.#'''#.# ##..
...#####
#####...##########...
...#...##.#
..............##.'...
.......##.#
..............####...
...8...##.#
.............'##.'...


You could see Boris (invisible), 2 ushabtiu and a mummy.

Vanquished Creatures
  the Royal Jelly (Slime:5)
  Khufu (Crypt:3)
  An ancient lich (Crypt:3)
  Mennas (Crypt:3)
  2 greater mummies (Crypt:3)
  Bai Suzhen (Shoals:3)
  Margery (Crypt:2)
  2 caustic shrikes (Depths:4)
  2 golden dragons
  Nikola (Shoals:2)
  4 bone dragons
  Arachne (Spider:4)
  2 tentacled monstrosities
  A Hell Sentinel (Abyss:2)
  Rupert (Orc:2)
  6 liches
  3 deep elf blademasters
  Asterion (Elf:1)
  2 deep elf master archers (Elf:3)
  The ghost of nono the Fencer, an adept HaAs of Uskayaw (Shoals:2)
  Polyphemus (Shoals:2)
  2 krakens
  11 tentacled starspawn
  12 acid blobs
  3 sphinxes
  3 storm dragons
  4 ancient champions (Crypt:1)
  A shadow dragon (Depths:5)
  Kirke (Shoals:2)
  Donald (Vaults:2)
  3 revenants (Crypt:3)
  3 tengu reavers
  15 azure jellies
  A draconian monk (Depths:5)
  Ilsuiw (Shoals:4)
  The ghost of theAP the Warrior, an adept GrFi of Gozag (Shoals:2)
  7 fire giants
  10 vault wardens
  4 ghost moths
  A draconian knight (Depths:5)
  An orc warlord (Orc:1)
  Louise (Spider:3)
  4 cacodemons
  2 imperial myrmidons (Desolation)
  4 frost giants
  A juggernaut zombie (Depths:3)
  10 emperor scorpions
  8 deep elf sorcerers
  3 ghouls (Crypt:2)
  A caustic shrike skeleton (Crypt:1)
  23 stone giants
  3 deep elf elementalists
  A reaper (Depths:1)
  25 very ugly things
  14 ironheart preservers
  Nessos (Orc:2)
  7 entropy weavers
  The ghost of TuxedoFelix the Fencer, a journeyman MiFi of the Shining One (Lair:5)
  A purple draconian (Abyss:3)
  5 deep elf annihilators
  4 vampire knights
  10 deep elf demonologists
  A halazid warlock (Desolation)
  2 green draconians
  A lorocyproca (Abyss:3)
  A red draconian (Depths:5)
  A white draconian (Abyss:2)
  A dire elephant (D:15)
  Snorg (Lair:6)
  2 mottled draconians (Depths:5)
  15 spark wasps
  8 jiangshi
  A merfolk javelineer (Shoals:4)
  8 ettins
  A yellow draconian (Abyss:3)
  6 death oozes
  12 deep elf death magi
  4 eidola
  A green death (Abyss:3)
  3 crystal guardians (Desolation)
  13 merfolk impalers
  11 yaktaur captains
  7 fire dragons
  4 minotaurs
  8 ragged hierophants
  2 deep elf high priests (Elf:3)
  4 rakshasas
  10 great orbs of eyes
  9 ice dragons
  6 servants of whispers (Desolation)
  A vault guard (Vaults:1)
  The ghost of shwouchk the Thaumaturge, a journeyman GrVM of Okawaru (D:11)
  Harold (D:10)
  10 hydras
  9 peacekeepers
  A spriggan air mage (Depths:5)
  An anaconda (shapeshifter) (Elf:2)
  Erica (D:10)
  6 catoblepae
  5 alligator snapping turtles
  17 ogre magi
  6 centaur warriors
  2 merfolk aquamancers
  9 death yaks
  6 merfolk avatars
  2 satyrs
  11 deep troll shamans
  An alligator (shapeshifter) (Vaults:4)
  10 deep troll earth magi
  23 dancing weapons
  7 tengu warriors
  9 vampire magi
  20 thrashing horrors
  4 spriggan berserkers
  5 soul eaters
  18 deep elf knights
  4 hell hogs
  5 hell knights
  2 sun demons
  9 wretched stars
  6 iron trolls
  2 sixfirhies
  12 sea snakes
  2 salamander mystics
  6 spatial maelstroms
  A shadow wraith (Vaults:4)
  2 storm dragon skeletons
  7 wizards
  15 skeletal warriors
  7 unseen horrors
  A sea snake (shapeshifter) (Depths:5)
  A titan skeleton (Depths:4)
  2 shadow demons
  10 orc knights
  8 glowing orange brains
  A lindwurm (Lair:6)
  31 deep trolls
  2 flayed ghosts
  8 ironbrand convokers
  6 phantasmal warriors
  11 deep elf archers
  13 hill giants
  The ghost of TuxedoFelix the Shield-Bearer, a novice MiFi (D:4)
  6 necromancers
  Pikel (D:9)
  27 harpies
  36 ugly things
  50 deep elf magi
  A wolf spider zombie (Crypt:2)
  22 wolf spiders
  4 orc sorcerers
  7 cyclopes
  18 orb spiders
  13 manticores
  19 fauns
  7 salamanders
  5 moths of wrath
  6 shining eyes
  A tengu skeleton (Vaults:3)
  4 worldbinders
  2 apocalypse crabs
  A guardian serpent (shapeshifter) (Vaults:4)
  2 stone giant skeletons (Vaults:3)
  4 black mambas
  4 guardian serpents
  A rust devil (Abyss:3)
  3 centaur zombies
  Psyche (D:10)
  10 sirens
  8 elephants (Lair:6)
  2 eyes of devastation
  Joseph (D:7)
  12 vault sentinels
  A black mamba (shapeshifter) (Vaults:4)
  A spriggan zombie (Depths:4)
  8 water nymphs
  7 smoke demons
  2 orange demons (Abyss:3)
  3 gargoyles
  5 spectral swamp worms (Depths:5)
  A komodo dragon (shapeshifter) (Depths:1)
  A red draconian zombie (Crypt:2)
  A yellow draconian zombie (Crypt:2)
  17 spiny frogs
  3 fire giant skeletons
  4 torpor snails
  An efreet (D:14)
  A yaktaur zombie (Vaults:1)
  54 yaktaurs
  A redback zombie (D:11)
  An ice devil (Abyss:3)
  4 rime drakes (Lair:6)
  A spark wasp simulacrum (Depths:2)
  5 centaur skeletons
  11 komodo dragons
  A green draconian skeleton (Crypt:1)
  A kobold demonologist (D:15)
  4 freezing wraiths
  A red devil (Depths:1)
  23 guardian mummies (Crypt:3)
  12 demonic crawlers
  A tormentor (Abyss:3)
  A yaktaur skeleton (Vaults:3)
  10 ancient zymes
  3 harpy zombies (Shoals:2)
  5 hellwings (Abyss:3)
  39 jumping spiders
  A pale draconian skeleton (Crypt:3)
  A tengu conjurer (Depths:5)
  5 wind drakes
  2 meliai (shapeshifter)
  24 merfolk
  An iron troll skeleton (Crypt:2)
  6 polar bears
  42 two-headed ogres
  16 trolls
  A spriggan skeleton (Depths:2)
  A two-headed ogre (shapeshifter) (Vaults:3)
  13 hornets
  2 alligator zombies
  7 bog bodies (Crypt:3)
  A guardian serpent zombie (Crypt:2)
  54 saltlings
  12 hippogriffs
  2 harpy skeletons (D:15)
  27 blink frogs
  35 raiju
  23 dream sheep
  99 slime creatures
  An iron dragon simulacrum (Depths:4)
  7 snapping turtles
  101 redbacks
  14 flying skulls
  2 spriggans (Depths:5)
  10 ynoxinuls
  10 air elementals
  4 ettin skeletons
  A vampire (D:15)
  A spriggan (shapeshifter) (D:13)
  A hill giant zombie (D:12)
  5 shadows
  A wyvern (shapeshifter) (Depths:1)
  A tarantella (shapeshifter) (Vaults:4)
  51 yaks
  2 hogs (Shoals:2)
  A satyr skeleton (Crypt:2)
  7 ushabtiu (Crypt:3)
  A hog (shapeshifter) (Abyss:1)
  6 wraiths
  29 tarantellas
  5 wyverns
  A fire elemental (Elf:2)
  15 water elementals
  A dire elephant simulacrum (Abyss:1)
  55 large abominations
  9 basilisks
  8 fire bats (Abyss:2)
  4 chaos spawn
  4 vampire mosquitoes
  10 neqoxecs
  10 golden eyes
  5 hungry ghosts
  Menkaure (D:7)
  A steam dragon (Lair:6)
  5 wargs
  6 spatial vortices
  2 mottled dragons
  A gelid demonspawn zombie (Crypt:1)
  6 hell hounds
  15 water moccasins
  A torturous demonspawn skeleton (Crypt:3)
  12 porcupines
  Purgy (Sewer)
  Duvessa (D:7)
  3 black bears
  8 ice beasts
  23 orc warriors
  3 swamp drakes (Lair:6)
  8 sky beasts
  7 eyes of draining
  A phantom (D:12)
  2 human zombies (Vaults:1)
  A snapping turtle zombie (Abyss:2)
  2 elf skeletons
  73 ogres
  2 necrophages (Crypt:2)
  46 small abominations
  7 human skeletons
  A wolf (Lair:6)
  10 crocodiles
  24 centaurs
  2 big kobolds
  A salamander zombie (Crypt:1)
  16 bullfrogs
  A hippogriff zombie (Shoals:2)
  A wyvern zombie (D:11)
  Dowan (D:7)
  2 human simulacra
  2 gnoll sergeants (D:6)
  A water moccasin zombie (D:6)
  A wyvern skeleton (D:9)
  A raiju zombie (Crypt:1)
  5 scorpions
  3 elf simulacra
  13 wights
  18 killer bees
  3 electric eels
  A howler monkey (shapeshifter) (Elf:2)
  12 howler monkeys
  6 crimson imps
  3 bullfrog zombies
  49 starcursed masses
  3 bullfrog skeletons
  3 hounds
  5 quasits
  20 orc priests
  4 jellies
  5 iron imps
  5 iguanas
  20 orc wizards
  9 worker ants
  7 ogre zombies (D:12)
  A hound zombie (D:7)
  A mottled dragon skeleton (Crypt:1)
  A hound skeleton (Crypt:1)
  11 mummies (Crypt:3)
  A worker ant zombie (D:5)
  A howler monkey zombie (D:8)
  8 gnolls (D:6)
  3 howler monkey skeletons
  A river rat (Lair:6)
  9 adders
  5 shadow imps
  2 white imps
  5 ufetubi
  3 oozes
  2 adder skeletons
  6 worms
  4 dart slugs
  5 leopard geckos
  98 orcs
  A bat zombie (Shoals:2)
  8 giant cockroaches
  10 hobgoblins
  7 jackals
  23 kobolds
  7 quokkas
  A ball python skeleton (Crypt:2)
  2 bats
  7 frilled lizards
  10 goblins
  2 goblin skeletons
  3 goblin zombies (D:12)
  4 hobgoblin skeletons (D:12)
  2 hobgoblin zombies (D:12)
  A jackal skeleton (D:4)
  2 leopard gecko skeletons
  3 orc skeletons (D:12)
  13 orc zombies
  2 quokka skeletons
  12 rats
  A fire vortex (Depths:4)
  4 fungi
  3 lurking horrors
  8 plants
  7 starspawn tentacles
  4 tentacles
2834 creatures vanquished.

Vanquished Creatures (collateral kills)
  An emperor scorpion (Spider:4)
  A deep elf elementalist (Elf:3)
  An ettin (Vaults:3)
  A death knight (Vaults:3)
  3 orb spiders (Spider:4)
  2 wolf spiders
  2 jumping spiders (Spider:4)
  An electric eel (Spider:4)
12 creatures vanquished.

Vanquished Creatures (others)
  A fire giant (Depths:4)
  A stone giant (Slime:4)
  2 deep elf magi
  A jumping spider (Spider:2)
  5 dream sheep (Lair:2)
  A starcursed mass (Abyss:3)
  3 humans (Shoals:2)
  An orc warrior (Vaults:3)
  4 slaves (D:9)
  A centaur (Shoals:4)
  A halfling skeleton (Crypt:2)
  An orc (D:6)
  15 fungi
  A lurking horror (Abyss:3)
  10 plants
  17 starspawn tentacles
  7 tentacles
72 creatures vanquished.

Grand Total: 2918 creatures vanquished

Notes
Turn   | Place    | Note
-------+----------+-------------------------------------------
     0 | D:1      | Alarkh the Demonspawn Monk began the quest for the Orb.
     0 | D:1      | Reached XP level 1. HP: 18/18 MP: 1/1
    44 | D:1      | Reached skill level 3 in Axes
   127 | D:1      | Gained mutation: You have a pair of small horns on your head. [demonic ancestry]
   127 | D:1      | Reached XP level 2. HP: 22/24 MP: 2/2
   645 | D:2      | Reached XP level 3. HP: 29/29 MP: 3/3
   814 | D:2      | Reached skill level 4 in Axes
  1793 | D:3      | Reached XP level 4. HP: 18/35 MP: 4/4
  2092 | D:3      | Reached skill level 5 in Axes
  2146 | D:3      | Found a basalt altar of Yredelemnul.
  2155 | D:3      | Found a glowing golden altar of the Shining One.
  2197 | D:3      | Reached XP level 5. HP: 34/41 MP: 5/5
  2662 | D:3      | Found a radiant altar of Vehumet.
  2784 | D:3      | Found a hide-covered altar of Uskayaw.
  3115 | D:4      | Noticed TuxedoFelix's ghost (novice MiFi)
  3596 | D:4      | Reached skill level 6 in Axes
  3826 | D:5      | Entered Level 5 of the Dungeon
  3872 | D:5      | Gained mutation: You have a pair of horns on your head. [demonic ancestry]
  3872 | D:5      | Reached XP level 6. HP: 17/47 MP: 6/6
  4483 | D:5      | Got a transparent ruby amulet
  4499 | D:5      | Found Emihah's Antique Armour Emporium.
  4506 | D:5      | Identified the amulet of Hozapuem {+Blink +Rage MR- Dex+2} (You found it on level 5 of the Dungeon)
  4516 | D:5      | Got a faintly glowing leather armour
  4527 | D:5      | Identified the +1 leather armour of the Scribe {Int+4} (You found it on level 5 of the Dungeon)
  4700 | D:5      | Noticed a sky beast
  4783 | D:5      | Killed a sky beast
  4783 | D:5      | Reached skill level 7 in Axes
  5037 | D:6      | Found a deep blue altar of Sif Muna.
  5060 | D:6      | Gained mutation: You have a pair of large horns on your head. [demonic ancestry]
  5060 | D:6      | Reached XP level 7. HP: 45/52 MP: 7/7
  5167 | D:6      | Found a bloodstained altar of Trog.
  5172 | D:6      | Became a worshipper of Trog the Wrathful
  5172 | D:6      | Reached * piety under Trog
  5172 | D:6      | Reached ** piety under Trog
  5288 | D:6      | Reached skill level 8 in Axes
  5415 | D:6      | Found Kalyo's Food Shop.
  5465 | D:6      | Found a glowing drain.
  5470 | Sewer    | Entered a sewer
  5599 | Sewer    | Noticed Purgy
  5606 | Sewer    | Killed Purgy
  5746 | D:6      | Reached skill level 9 in Axes
  5746 | D:6      | Gained mutation: You are partially covered in sharp spines. [demonic ancestry]
  5746 | D:6      | Reached XP level 8. HP: 48/58 MP: 8/8
  5762 | D:6      | Found a burning altar of Makhleb.
  6079 | D:6      | Found a runed door.
  6152 | D:6      | Reached *** piety under Trog
  6160 | D:6      | Reached skill level 10 in Axes
  6252 | D:6      | Found a roughly hewn altar of Beogh.
  6344 | D:7      | Noticed a hippogriff
  6351 | D:7      | Killed a hippogriff
  6351 | D:7      | Reached skill level 11 in Axes
  6351 | D:7      | Reached XP level 9. HP: 63/63 MP: 9/9
  6422 | D:7      | Found an opulent altar of Gozag.
  6460 | D:7      | Noticed Duvessa
  6463 | D:7      | Noticed Dowan
  6468 | D:7      | Killed Duvessa
  6473 | D:7      | Killed Dowan
  6745 | D:7      | Noticed Joseph
  6764 | D:7      | Killed Joseph
  7110 | D:7      | Found a shadowy altar of Dithmenos.
  7122 | D:7      | Noticed Menkaure
  7125 | D:7      | Killed Menkaure
  7161 | D:7      | Found a staircase to the Ecumenical Temple.
  7182 | D:7      | Reached **** piety under Trog
  7212 | D:7      | Reached skill level 12 in Axes
  7228 | Temple   | Entered the Ecumenical Temple
  7798 | D:7      | Found a faded altar of an unknown god.
  7798 | D:7      | Found a faded altar of an unknown god.
  7803 | D:7      | Found a faded altar of an unknown god.
  7805 | D:7      | Found an ancient bone altar of Kikubaaqudgha.
  7807 | D:7      | Found a faded altar of an unknown god.
  7910 | D:7      | Reached skill level 1 in Armour
  8045 | D:8      | Found an ancient bone altar of Kikubaaqudgha.
  8048 | D:8      | Found a glowing silver altar of Zin.
  8176 | D:8      | Found a stormy altar of Qazlal.
  8176 | D:8      | Found a blossoming altar of Fedhas.
  8629 | D:8      | Reached ***** piety under Trog
  8631 | D:8      | Gained mutation: You are mostly covered in sharp spines. [demonic ancestry]
  8631 | D:8      | Reached XP level 10. HP: 69/71 MP: 10/10
  8926 | D:8      | Got a brightly glowing robe
  8937 | D:8      | Identified the +1 robe of Pride {*Drain Int+4 Dex+4} (You found it on level 8 of the Dungeon)
  9032 | D:5      | Bought a heavily runed scale mail for 252 gold pieces
  9042 | D:5      | Identified the +5 scale mail "Ygamoet" {rN+ Stlth+} (You bought it in a shop on level 5 of the Dungeon)
  9131 | D:9      | Found a staircase to the Lair.
  9213 | D:9      | Noticed Pikel
  9225 | D:9      | Killed Pikel
  9407 | Lair:1   | Entered Level 1 of the Lair of Beasts
  9428 | Lair:1   | Reached skill level 5 in Fighting
  9430 | Lair:1   | Reached skill level 13 in Axes
  9473 | Lair:1   | Noticed a spiny frog
  9482 | Lair:1   | Killed a spiny frog
  9626 | D:9      | Reached skill level 5 in Dodging
  9981 | D:9      | Noticed a moth of wrath
  9984 | D:9      | Found a bloodstained altar of Trog.
 10238 | D:9      | Paralysed by a hornet for 2 turns
 10333 | D:10     | Entered Level 10 of the Dungeon
 10380 | D:10     | Gained mutation: You are slightly more attuned to the shadows. [demonic ancestry]
 10380 | D:10     | Reached XP level 11. HP: 9/81 MP: 11/11
 10385 | D:10     | Noticed Erica
 10843 | D:10     | Killed Erica
 10986 | D:10     | Noticed an unseen horror
 10996 | D:10     | Killed an unseen horror
 11205 | D:10     | Noticed a hill giant
 11355 | D:10     | Noticed Harold
 11359 | D:10     | Noticed Psyche
 11379 | D:10     | Killed Harold
 11380 | D:10     | Killed Psyche
 11380 | D:10     | Reached skill level 5 in Armour
 11510 | D:10     | Noticed a hill giant
 11841 | D:10     | Noticed a hill giant
 11848 | D:10     | Killed a hill giant
 11853 | D:10     | Killed a hill giant
 12003 | D:10     | Killed a hill giant
 12267 | D:10     | Reached skill level 14 in Axes
 12978 | D:11     | Noticed shwouchk's ghost (journeyman GrVM)
 13356 | D:11     | Killed shwouchk's ghost
 13858 | D:11     | Noticed a hill giant
 13865 | D:11     | Killed a hill giant
 13865 | D:11     | Reached XP level 12. HP: 91/91 MP: 12/12
 14183 | D:11     | Received a gift from Trog
 14866 | D:4      | Killed TuxedoFelix's ghost
 15942 | Lair:2   | Noticed a seven-headed hydra
 15943 | Lair:2   | Found a hole to the Spider Nest.
 16372 | Lair:2   | Identified Sif Muna's Handbook of Displacement
 16487 | Lair:2   | Noticed a five-headed hydra
 16710 | Lair:4   | Reached skill level 15 in Axes
 16882 | Lair:4   | Noticed a death yak
 16891 | Lair:4   | Killed a death yak
 16958 | Lair:4   | Noticed a catoblepas
 16961 | Lair:4   | Noticed a four-headed hydra
 16963 | Lair:4   | Reached ****** piety under Trog
 17001 | Lair:4   | Received a gift from Trog
 17329 | Lair:4   | Killed a catoblepas
 17329 | Lair:4   | Gained mutation: You are partially covered in yellow scales. (AC +2) [demonic ancestry]
 17329 | Lair:4   | Reached XP level 13. HP: 71/100 MP: 4/13
 18439 | D:12     | Gained mutation: You possess an exceptional clarity of mind. [potion of beneficial mutation]
 18477 | D:12     | Found a staircase to the Orcish Mines.
 19113 | D:13     | Found a runed door.
 20021 | D:13     | Reached skill level 16 in Axes
 20023 | D:13     | Identified Jeophint's Reference Book on Mutagenic Ignition
 20367 | D:14     | Found Iher's Antique Weapon Emporium.
 20709 | D:14     | Reached skill level 10 in Fighting
 21050 | D:14     | Found a gate to the Vaults.
 21058 | D:14     | Reached XP level 14. HP: 110/110 MP: 4/14
 21130 | D:15     | Entered Level 15 of the Dungeon
 21137 | D:15     | Received a gift from Trog
 21559 | D:15     | Found a basalt altar of Yredelemnul.
 22142 | D:15     | Found a glowing golden altar of the Shining One.
 22440 | D:15     | Received a gift from Trog
 22470 | D:15     | Found a staircase to the Depths.
 22561 | D:15     | Got a translucent triple sword {god gift}
 22562 | D:15     | Identified the +4 triple sword "Dragon's Tongue" {flame, *Corrode rElec Int+3} (Trog gifted it to you on level 15 of the Dungeon)
 22631 | D:15     | Reached skill level 10 in Dodging
 23181 | Lair:2   | Found a shimmering altar of Xom.
 23601 | Lair:3   | Reached skill level 17 in Axes
 24334 | Lair:4   | Got a transparent scale mail
 24345 | Lair:4   | Identified the +10 scale mail "Xeank" {Slay+2} (You found it on level 4 of the Lair of Beasts)
 24394 | Lair:4   | Got a faintly glowing robe
 24415 | Lair:4   | Received a gift from Trog
 24484 | Lair:4   | Found a staircase to the Shoals.
 24704 | Lair:5   | Found a staircase to the Slime Pits.
 24704 | Lair:5   | Found a viscous altar of Jiyva.
 24979 | Lair:5   | Noticed TuxedoFelix's ghost (journeyman MiFi)
 24993 | Lair:5   | Killed TuxedoFelix's ghost
 24993 | Lair:5   | Reached skill level 10 in Armour
 25224 | Lair:6   | Entered Level 6 of the Lair of Beasts
 25334 | Lair:6   | Gained mutation: You are mostly covered in yellow scales. (AC +3) [demonic ancestry]
 25334 | Lair:6   | Reached XP level 15. HP: 118/118 MP: 15/15
 25364 | Lair:6   | Found a labyrinth entrance.
 25374 | Lab      | Entered a labyrinth
 26045 | Lair:6   | Received a gift from Trog
 26695 | Lair:6   | Noticed Snorg
 26704 | Lair:6   | Killed Snorg
 27597 | Lair:1   | Upgraded the game from 0.19.1-28-ge1247f7 to 0.19.3
 27728 | Orc:1    | Entered Level 1 of the Orcish Mines
 27787 | Orc:1    | Received a gift from Trog
 27868 | Orc:1    | Noticed an orc warlord
 27882 | Orc:1    | Killed an orc warlord
 28070 | Orc:2    | Entered Level 2 of the Orcish Mines
 28205 | Orc:2    | Noticed Rupert
 28214 | Orc:2    | Killed Rupert
 28253 | Orc:2    | Reached skill level 18 in Axes
 28368 | Orc:2    | Received a gift from Trog
 28559 | Orc:2    | Found a staircase to the Elven Halls.
 28704 | Orc:2    | Noticed Nessos
 28718 | Orc:2    | Killed Nessos
 28736 | Orc:2    | Reached XP level 16. HP: 101/127 MP: 16/16
 28778 | Orc:2    | Found Suichol's Armour Shoppe.
 28778 | Orc:2    | Found Qugolegu's Assorted Antiques.
 28779 | Orc:2    | Found Rafo Lig's General Store.
 28779 | Orc:2    | Found Zoeme's Book Shoppe.
 29466 | Spider:1 | Entered Level 1 of the Spider Nest
 29518 | Spider:1 | Received a gift from Trog
 30075 | Spider:1 | Gained mutation: Your muscles are strong. (Str +2) [potion of beneficial mutation]
 30299 | Spider:1 | Received a gift from Trog
 31742 | Spider:2 | Received a gift from Trog
 32990 | Spider:3 | Noticed Louise
 33007 | Spider:3 | Killed Louise
 33391 | Spider:3 | Received a gift from Trog
 33441 | Spider:3 | Reached skill level 19 in Axes
 33693 | Spider:3 | Gained mutation: You are completely covered in sharp spines. [demonic ancestry]
 33693 | Spider:3 | Reached XP level 17. HP: 137/137 MP: 17/17
 33959 | Spider:4 | Entered Level 4 of the Spider Nest
 35097 | Spider:4 | Noticed Arachne
 35111 | Spider:4 | Killed Arachne
 35362 | Spider:4 | Received a gift from Trog
 35616 | Spider:4 | HP: 6/137 [poisoned by an emperor scorpion]
 35621 | Spider:4 | HP: 3/137 [poisoned by an emperor scorpion]
 35628 | Spider:4 | HP: 4/137 [poisoned by an emperor scorpion]
 35634 | Spider:4 | HP: 4/137 [poisoned by an emperor scorpion]
 36478 | Spider:4 | Got a gossamer rune of Zot
 36959 | Vaults:1 | Entered Level 1 of the Vaults
 37074 | Vaults:1 | Received a gift from Trog
 37549 | Vaults:1 | Reached skill level 20 in Axes
 37552 | Vaults:1 | Reached XP level 18. HP: 133/146 MP: 18/18
 37568 | Vaults:1 | Received a gift from Trog
 38013 | Vaults:1 | Found Umpoesyk's Book Boutique.
 38029 | Vaults:1 | Received a gift from Trog
 39518 | Vaults:2 | Noticed Donald
 39525 | Vaults:2 | Killed Donald
 40226 | Vaults:2 | Found Osuohykh's Gadget Boutique.
 40513 | Vaults:2 | Received a gift from Trog
 41475 | Vaults:3 | Found a ruined gateway.
 41498 | Desolati | Entered the Desolation of Salt
 41528 | Desolati | Received a gift from Trog
 41888 | Desolati | Received a gift from Trog
 41961 | Desolati | Reached XP level 19. HP: 154/154 MP: 19/19
 42062 | Desolati | Reached skill level 15 in Fighting
 42082 | Desolati | Got twisted pearl dragon scales
 42093 | Desolati | Identified the cursed +1 pearl dragon scales "Inwonego" {rN+ MP+9} (You found it in the Desolation of Salt)
 42122 | Desolati | Identified the Almanac of Creation and Weightlessness
 42288 | Desolati | Got a bound gossamer ring
 42290 | Desolati | Identified the ring "Jeritsyg" {Int+4 Stlth+} (You found it in the Desolation of Salt)
 42341 | Desolati | Reached skill level 21 in Axes
 42619 | Desolati | Received a gift from Trog
 43181 | Desolati | Got a slimy scale mail
 43183 | Desolati | Got a translucent crystal amulet
 43184 | Desolati | Identified the amulet "Humawnog" {Inacc rF+ MP+9 Dex+2} (You found it in the Desolation of Salt)
 43386 | Desolati | Got a slimy spear
 43415 | Vaults:3 | Identified the +5 scale mail of Gallantry {Str+3 Dex+3} (You found it in the Desolation of Salt)
 44007 | Vaults:3 | Found Byxomyrph's Food Shoppe.
 44137 | Vaults:3 | Found a staircase to the Crypt.
 44372 | Vaults:3 | Received a gift from Trog
 44677 | Vaults:3 | Paralysed by an orc sorcerer for 3 turns
 45298 | Vaults:3 | Received a gift from Trog
 46126 | Vaults:4 | Received a gift from Trog
 46235 | Vaults:4 | Reached XP level 20. HP: 141/163 MP: 20/20
 46633 | Vaults:4 | Found an ancient bone altar of Kikubaaqudgha.
 46777 | Vaults:4 | Received a gift from Trog
 48657 | Lair:1   | Was placed under penance by Trog
 48666 | Lair:1   | Learned a level 8 spell: Necromutation
 48893 | Elf:1    | Entered Level 1 of the Elven Halls
 48921 | Elf:1    | Found Mohicul's Gadget Shop.
 48927 | Elf:1    | Bought a wand of heal wounds (3/9) for 504 gold pieces
 48982 | Elf:1    | Found Fahufon's Distillery.
 48990 | Elf:1    | Found Pygom's Jewellery Emporium.
 49015 | Elf:1    | Found Zumonus's Jewellery Emporium.
 49018 | Elf:1    | Found Ixaezies's Antique Weapon Shoppe.
 49025 | Elf:1    | Found Usintofur's Weapon Emporium.
 49028 | Elf:1    | Noticed Asterion
 49042 | Elf:1    | Killed Asterion
 49120 | Elf:1    | Reached skill level 15 in Dodging
 49130 | Elf:1    | Cast into level 2 of the Abyss (a deep elf demonologist)
 49513 | Abyss:2  | Reached skill level 22 in Axes
 49541 | Abyss:2  | Noticed a bone dragon
 49565 | Abyss:2  | Killed a bone dragon
 49787 | Abyss:3  | Was forgiven by Trog
 49800 | Abyss:3  | Paralysed by you for 7 turns
 49808 | Abyss:3  | Received a gift from Trog
 49874 | Abyss:3  | Gained mutation: You expend magic power (3 MP) to strengthen your wands. [a neqoxec]
 49897 | Elf:1    | Escaped the Abyss
 49899 | Elf:1    | Received a gift from Trog
 49974 | Elf:1    | Identified Weziy's Catalogue of the Entourage
 50125 | Elf:1    | Found an ancient bone altar of Kikubaaqudgha.
 50159 | Elf:1    | Bought a fine executioner's axe for 600 gold pieces
 50159 | Elf:1    | Identified the +6 executioner's axe of Xionios {freeze, +Blink rElec rPois Int-2} (You bought it in a shop on level 1 of the Elven Halls)
 50504 | Elf:1    | Found Jawybup's Food Emporium.
 50777 | Elf:2    | Received a gift from Trog
 51017 | Elf:2    | Reached skill level 1 in Evocations
 51147 | Elf:2    | Found Giuvu's Jewellery Boutique.
 51148 | Elf:2    | Found Azaos's Gadget Emporium.
 51149 | Elf:2    | Found Puntet Xurr's Jewellery Boutique.
 51288 | Elf:2    | Found a huge runed gate.
 51289 | Elf:2    | Found a huge runed gate.
 51291 | Elf:2    | Found a huge runed gate.
 51291 | Elf:2    | Found a huge runed gate.
 51291 | Elf:2    | Found a huge runed gate.
 51381 | Elf:2    | Received a gift from Trog
 51724 | Elf:2    | Reached skill level 15 in Armour
 51724 | Elf:2    | Gained mutation: You are significantly more attuned to the shadows. [demonic ancestry]
 51724 | Elf:2    | Reached XP level 21. HP: 101/172 MP: 22/22
 52466 | Elf:3    | Entered Level 3 of the Elven Halls
 52505 | Elf:3    | Found Baufer's Assorted Antiques.
 53244 | Elf:3    | Received a gift from Trog
 53938 | Elf:3    | Got a glittering platinum amulet
 53946 | Elf:3    | Identified the Incunabulum of Confrontation
 53958 | Elf:3    | Identified the amulet of Zocig {Regen+ Dex+4} (You found it on level 3 of the Elven Halls)
 54569 | D:12     | Received a gift from Trog
 55004 | Elf:3    | Got a heavily runed amethyst amulet
 55078 | Elf:3    | Got a steaming scale mail
 55083 | Elf:3    | Got a fine chain mail
 55084 | Elf:3    | Identified the amulet of Isonwiohach {Gourm rF++ MR- Int+6} (You took it off a deep elf demonologist on level 3 of the Elven Halls)
 55085 | Elf:3    | Identified the cursed +0 scale mail "Ykhlyogu" {*Slow Dex+5} (You found it on level 3 of the Elven Halls)
 55086 | Elf:3    | Identified the +14 chain mail of Curiosity {rElec rN+ Dex+2 Stlth+} (You found it on level 3 of the Elven Halls)
 55193 | Elf:3    | Got a spiked plate armour
 55194 | Elf:3    | Identified the +4 plate armour of Lies {*Contam MP+9 SInv Stlth-} (You found it on level 3 of the Elven Halls)
 55929 | Elf:2    | Bought the amulet of the Air {Inacc +Fly rElec EV+5 RMsl} for 523 gold pieces
 56158 | Lair:1   | Identified a +5 rod of inaccuracy (12/12) (You took it off a minotaur in a labyrinth)
 56287 | Shoals:1 | Entered Level 1 of the Shoals
 57115 | Shoals:2 | Noticed Polyphemus
 57125 | Shoals:2 | Reached skill level 5 in Stealth
 57136 | Shoals:2 | Killed Polyphemus
 57596 | Shoals:2 | Noticed Kirke
 57608 | Shoals:2 | Killed Kirke
 57704 | Shoals:2 | Noticed nono's ghost (adept HaAs)
 57717 | Shoals:2 | Noticed Nikola
 57750 | Shoals:2 | Killed Nikola
 57753 | Shoals:2 | Killed nono's ghost
 58041 | Shoals:2 | Noticed theAP's ghost (adept GrFi)
 58062 | Shoals:2 | Killed theAP's ghost
 58383 | Shoals:2 | Received a gift from Trog
 58499 | Shoals:3 | Reached XP level 22. HP: 173/181 MP: 25/25
 58510 | Shoals:3 | Noticed Bai Suzhen
 58523 | Shoals:3 | Killed Bai Suzhen
 58558 | Shoals:3 | Reached skill level 5 in Evocations
 59284 | Shoals:4 | Entered Level 4 of the Shoals
 59286 | Shoals:4 | Noticed Ilsuiw
 59315 | Shoals:4 | Killed Ilsuiw
 59315 | Shoals:4 | Reached skill level 23 in Axes
 60077 | Shoals:4 | Found a sacrificial altar of Ru.
 60248 | Shoals:4 | Received a gift from Trog
 60273 | Shoals:4 | Got a barnacled rune of Zot
 60503 | Shoals:4 | Found Fipeofo's Food Shoppe.
 61209 | Depths:1 | Entered Level 1 of the Depths
 61397 | Depths:1 | Found a gateway to Hell.
 61431 | Depths:1 | Received a gift from Trog
 61432 | Depths:1 | Got a smoking battleaxe {god gift}
 61433 | Depths:1 | Identified the +0 battleaxe of the Coin {chop, rF++ Int+5} (Trog gifted it to you on level 1 of the Depths)
 61510 | Depths:1 | Found a one-way gate to the infinite horrors of the Abyss.
 61763 | Depths:1 | Found a one-way gate leading to the halls of Pandemonium.
 62164 | Depths:1 | Got a heavily runed crystal plate armour
 62175 | Depths:1 | Identified the +16 crystal plate armour "Rysch" {rCorr Str-3 Int+3} (You found it on level 1 of the Depths)
 62413 | Depths:2 | Identified Isaj's Almanac of Hexes and Poisoning
 62542 | Depths:2 | Found a portal to a secret trove of treasure.
 63698 | Depths:3 | Received a gift from Trog
 63838 | Depths:3 | Gained mutation: You are completely covered in yellow scales. (AC +4, rCorr) [demonic ancestry]
 63838 | Depths:3 | Reached XP level 23. HP: 188/188 MP: 28/28
 64130 | Depths:4 | Found a hide-covered altar of Uskayaw.
 64140 | Depths:4 | Received a gift from Trog
 64925 | Depths:4 | Noticed a caustic shrike
 64926 | Depths:4 | Noticed a caustic shrike
 64930 | Depths:4 | Killed a caustic shrike
 64941 | Depths:4 | Killed a caustic shrike
 65338 | Depths:4 | Got a clouded amethyst amulet
 65836 | Depths:4 | You fall through a shaft!
 65836 | Depths:5 | Entered Level 5 of the Depths
 65923 | Depths:4 | Identified the Grimoire of Shifting Creation
 65962 | Depths:4 | Identified the amulet of the Empire {rPois Regen+ Int+3} (You took it off a yaktaur on level 4 of the Depths)
 66744 | Elf:1    | Bought the ring "Wuukloxi" {MR+ Dex+3} for 424 gold pieces
 66764 | Elf:1    | Bought the ring "Cetek" {Int+5 SInv} for 487 gold pieces
 66836 | Elf:2    | Received a gift from Trog
 66837 | Elf:2    | Got an ebony battleaxe {god gift}
 66838 | Elf:2    | Identified the +8 battleaxe of the Wasteland {drain, rN+ Int-2 Dex+5} (Trog gifted it to you on level 2 of the Elven Halls)
 67793 | Depths:5 | Paralysed by a vampire knight for 3 turns
 67843 | Depths:5 | Found a gateway to a ziggurat.
 67921 | Depths:5 | Received a gift from Trog
 67953 | Depths:5 | Gained mutation: You are robust. (+10% HP) [demonic ancestry]
 67953 | Depths:5 | Reached XP level 24. HP: 54/216 MP: 29/29
 68072 | Depths:5 | Reached skill level 24 in Axes
 68083 | Depths:5 | Reached skill level 10 in Stealth
 68366 | Depths:5 | Found a gate to the Realm of Zot.
 68933 | D:6      | Fell from the grace of Trog
 68933 | D:6      | Became a worshipper of Makhleb the Destroyer
 69328 | Depths:1 | Voluntarily entered the Abyss.
 69610 | Abyss:1  | Reached * piety under Makhleb
 69671 | Abyss:1  | Paralysed by Trog for 3 turns
 69891 | Abyss:1  | Reached ** piety under Makhleb
 70567 | Abyss:2  | Reached *** piety under Makhleb
 70838 | Abyss:2  | Paralysed by Trog for 6 turns
 71092 | Abyss:3  | Reached **** piety under Makhleb
 71251 | Abyss:3  | Reached ***** piety under Makhleb
 71302 | Abyss:3  | Reached skill level 10 in Evocations
 71359 | Abyss:3  | Reached skill level 1 in Necromancy
 71393 | Abyss:3  | Reached skill level 1 in Transmutations
 71419 | Abyss:3  | Gained mutation: You are completely attuned to the shadows. [demonic ancestry]
 71419 | Abyss:3  | Reached XP level 25. HP: 186/226 MP: 30/30
 71431 | Abyss:3  | Reached skill level 1 in Spellcasting
 71554 | Abyss:3  | Gained mutation: Armour fits poorly on your strangely shaped body. [a neqoxec]
 71556 | Abyss:3  | Paralysed by Trog for 2 turns
 71599 | Abyss:3  | Reached ****** piety under Makhleb
 71654 | Abyss:3  | Gained mutation: Scrolls take you a little longer to read. [a shining eye]
 71673 | Abyss:3  | Got an abyssal rune of Zot
 71701 | Abyss:3  | Lost mutation: Your muscles are strong. (Str +2) [a shining eye]
 71900 | Depths:1 | Escaped the Abyss
 72942 | Slime:1  | Entered Level 1 of the Pits of Slime
 73027 | Slime:3  | Reached skill level 5 in Necromancy
 73070 | Slime:5  | Entered Level 5 of the Pits of Slime
 73288 | Slime:5  | Gained mutation: Your spells are a little easier to cast, but a little less powerful. [a shining eye]
 73516 | Slime:5  | Noticed the Royal Jelly
 74015 | Slime:5  | Killed the Royal Jelly
 74015 | Slime:5  | Reached skill level 5 in Transmutations
 74046 | Slime:5  | Got a slimy rune of Zot
 74077 | Slime:5  | Got a fine broad axe
 74283 | Slime:5  | Identified the cursed +1 broad axe of Conflict {venom, MR+ Str+4} (You found it on level 5 of the Pits of Slime)
 74403 | Lair:5   | Lost mutation: Your spells are a little easier to cast, but a little less powerful. [potion of cure mutation]
 74403 | Lair:5   | Lost mutation: Scrolls take you a little longer to read. [potion of cure mutation]
 74403 | Lair:5   | Lost mutation: You expend magic power (3 MP) to strengthen your wands. [potion of cure mutation]
 74403 | Lair:5   | Lost mutation: You possess an exceptional clarity of mind. [potion of cure mutation]
 74403 | Lair:5   | Lost mutation: Armour fits poorly on your strangely shaped body. [potion of cure mutation]
 74777 | Depths:2 | Was forgiven by Trog
 74867 | Depths:2 | You showed the slimy rune of Zot to enter a treasure trove
 74868 | Trove    | Entered a treasure trove
 74876 | Trove    | Got a bound sapphire amulet
 74879 | Trove    | Got a wavering jade ring
 74882 | Trove    | Got a flickering ivory ring
 74884 | Trove    | Got a smoking lead amulet
 74891 | Trove    | Got a steaming iron ring
 74894 | Trove    | Got a heavily runed bone amulet
 74940 | Depths:2 | Identified the amulet of the Lich-sworn {rPois rC- rN++ Regen+ Str+3} (You found it in a treasure trove)
 74942 | Depths:2 | Identified the ring of Curchegoc {MR+ Str+2 Stlth+} (You found it in a treasure trove)
 74944 | Depths:2 | Identified the ring "Lariewn" {*Drain +Blink +Fly rN++} (You found it in a treasure trove)
 74948 | Depths:2 | Identified the ring of Saisac {rF+ Int+5 Slay+3} (You found it in a treasure trove)
 74950 | Depths:2 | Identified the amulet "Nigg" {Reflect rN+ SH+4} (You found it in a treasure trove)
 74952 | Depths:2 | Identified the amulet "Woemoeca" {Gourm *Corrode rF+ Slay+3} (You found it in a treasure trove)
 75335 | Lair:1   | Learned a level 2 spell: Repel Missiles
 75608 | Lair:1   | Identified the +1 robe "Icuogoor" {SInv} (You found it on level 4 of the Lair of Beasts)
 75967 | Crypt:1  | Entered Level 1 of the Crypt
 76175 | Crypt:1  | Reached skill level 5 in Spellcasting
 76493 | Crypt:1  | Reached skill level 1 in Charms
 76854 | Crypt:2  | Paralysed by a vampire knight for 4 turns
 77042 | Crypt:2  | Noticed Margery
 77061 | Crypt:2  | Gained mutation: You are very robust. (+20% HP) [demonic ancestry]
 77061 | Crypt:2  | Reached XP level 26. HP: 205/258 MP: 31/31
 77066 | Crypt:2  | Killed Margery
 77520 | Crypt:3  | Entered Level 3 of the Crypt
 77546 | Crypt:3  | Reached skill level 25 in Axes
 77570 | Crypt:3  | Noticed Mennas
 77573 | Crypt:3  | Noticed an ancient lich
 77586 | Crypt:3  | Killed an ancient lich
 77589 | Crypt:3  | Killed Mennas
 77676 | Crypt:3  | Noticed a greater mummy
 77686 | Crypt:3  | Noticed Khufu
 77687 | Crypt:3  | Killed a greater mummy
 77697 | Crypt:3  | Killed Khufu
 77872 | Crypt:3  | Noticed a greater mummy
 77883 | Crypt:3  | Noticed Boris
 77887 | Crypt:3  | Killed a greater mummy
 77900 | Crypt:3  | Killed from afar by Boris

Skill      XL: |  1  2  3  4  5  6  7  8  9 10 11 12 13 14 15 16 17 18 19 20 21 22 23 24 25 26 |
---------------+-------------------------------------------------------------------------------+-----
Axes           | 3 4 5 6 7 9 11 12 13 14 15 16 17 18 19 20 21 22 23 24 25 | 25.1
Armour         | 2 4 5 7 8 10 11 12 13 14 15 16 17 | 17.5
Dodging        | 3 5 6 8 9 10 11 12 13 14 15 16 17 18 19 | 19.4
Fighting       | 4 5 7 8 10 11 12 13 14 15 16 17 18 19 | 19.0
Stealth        | 2 5 8 9 11 | 11.0
Evocations     | 1 4 6 8 10 | 10.0
Necromancy     | 2 7 9 |  9.1
Transmutations | 1 6 7 |  7.4
Spellcasting   | 5 7 |  7.1
Charms         | 1 4 |  4.2

Action                   |  1- 3 |  4- 6 |  7- 9 | 10-12 | 13-15 | 16-18 | 19-21 | 22-24 | 25-27 || total
-------------------------+-------+-------+-------+-------+-------+-------+-------+-------+-------++-------
Melee: Hand axe          |    98 |   272 |    54 |       |       |       |       |       |       ||   424
       Headbutt          |    13 |    45 |    49 |    95 |   206 |   223 |   278 |   470 |   229 ||  1608
       Broad axe         |       |       |   174 |   290 |       |       |       |       |     7 ||   471
       Battleaxe         |       |       |       |   181 |   893 |  1100 |   770 |   288 |       ||  3232
       Scimitar          |       |       |       |       |    33 |     2 |       |       |       ||    35
       Triple sword      |       |       |       |       |     3 |       |       |       |       ||     3
       Executioner's axe |       |       |       |       |       |       |   634 |  1521 |   853 ||  3008
 Cast: Repel Missiles    |       |       |       |       |       |       |       |       |     1 ||     1
Invok: Berserk           |       |       |    14 |    26 |    32 |    15 |    23 |    14 |       ||   124
       Trog's Hand       |       |       |       |     1 |     1 |       |     9 |     8 |       ||    19
       Brothers in Arms  |       |       |       |       |     1 |     1 |     3 |     1 |       ||     6
       Burn Spellbooks   |       |       |       |       |       |     1 |       |     1 |       ||     2
 Abil: Evoke Flight      |       |       |       |       |       |       |    14 |    11 |       ||    25
       Stop Flying       |       |       |       |       |       |       |       |     1 |       ||     1
Evoke: Wand              |       |     8 |     2 |     5 |       |       |     3 |     6 |     1 ||    25
  Use: Scroll            |       |     5 |     5 |     8 |    21 |     6 |    20 |     7 |    12 ||    84
       Potion            |       |     3 |     3 |     3 |     1 |     4 |     2 |     2 |    13 ||    31
 Stab: Sleeping          |     4 |    10 |     5 |    14 |    10 |     1 |     8 |    17 |    32 ||   101
       Distracted        |     1 |       |       |     1 |     1 |     2 |     1 |    18 |     3 ||    27
       Confused          |       |     3 |       |       |       |       |       |       |       ||     3
       Invisible         |       |       |    16 |       |       |     1 |       |     3 |       ||    20
       Petrifying        |       |       |       |     1 |       |       |     6 |       |       ||     7
       Petrified         |       |       |       |       |     8 |       |    14 |       |       ||    22
  Eat: Chunk             |     3 |     8 |    22 |    46 |    71 |    40 |    66 |    57 |     7 ||   320
       Meat ration       |       |     1 |       |     1 |       |     2 |     1 |       |     1 ||     6
       Pizza             |       |       |       |     1 |       |     1 |       |       |       ||     2
       Beef jerky        |       |       |       |       |     1 |       |     1 |       |       ||     2
       Bread ration      |       |       |       |       |       |     1 |     2 |     1 |     2 ||     6
       Fruit             |       |       |       |       |       |       |     1 |     1 |       ||     2
Armor: Robe              |     7 |    35 |       |       |       |       |       |       |       ||    42
       Skin              |       |     2 |       |       |       |       |       |       |       ||     2
       Leather armour    |       |    21 |    64 |     1 |       |       |       |       |       ||    86
       Scale mail        |       |       |       |   162 |   366 |   515 |    16 |       |       ||  1059
       Pearl dragon scal |       |       |       |       |       |       |   409 |       |       ||   409
       Chain mail        |       |       |       |       |       |       |   148 |   835 |   236 ||  1219
       Ice dragon scales |       |       |       |       |       |       |       |       |   153 ||   153
Dodge: Dodged            |    57 |   155 |   162 |   248 |   544 |   937 |   887 |  1575 |   806 ||  5371
       Deflected         |       |       |       |       |       |       |    23 |    60 |    12 ||    95
       Rpst.: Scimitar   |       |       |       |       |     9 |       |       |       |       ||     9
